 Dungeon Crawl Stone Soup version 0.29-a0-397-g846e4a0bbc (webtiles) character file.

Game seed: 12949086664717142080

6 MordorOrchid the Covered (level 2, -1/22 HPs)
             Began as a Djinni Wanderer on May 12, 2022.
             Slain by a quokka (4 damage)
             ... on level 1 of the Dungeon.
             The game lasted 00:01:12 (127 turns).

MordorOrchid the Covered (Djinni Wanderer)           Turns: 127, Time: 00:01:13

Health: -1/22      AC:  7    Str: 11    XL:     2   Next: 0%
Gold:   15         EV:  9    Int: 16    God:
                   SH:  0    Dex:  9

rFire   + + .      SeeInvis .   d - +0 spear
rCold   x . .      Faith    .   (no shield)
rNeg    . . .      Spirit   .   c - +0 scale mail
rPois   ∞          Reflect  .   (no helmet)
rElec   .          Harm     .   (no cloak)
rCorr   .          Rampage  .   (no gloves)
Will    .....                   (boots unavailable)
Stlth   ..........              (no amulet)
HPRegen 0.07/turn               (no ring)
MPRegen 0.00/turn               (no ring)

@: flying
A: sickness immunity, fire resistance 2, cold vulnerability 1, float, innate
caster, HP casting, extra vitality 1
a: no special abilities


You were on level 1 of the Dungeon.
You visited 1 branch of the dungeon, and saw 1 of its levels.

You collected 15 gold pieces.

Inventory:

Hand Weapons
 a - a +0 club
 d - a +0 spear (weapon)
Armour
 c - a +0 scale mail (worn)
Scrolls
 b - a scroll of vulnerability


   Skills:
 * Level 0.5 Fighting
 - Level 5.0 Armour
 * Level 1.4 Dodging
 * Level 2.5 Spellcasting


You couldn't memorise any spells.
You knew the following spells:

 Your Spells              Type           Power      Damage    Failure   Level
a - Shock                 Conj/Air       40%        1d5       34%         1
b - Swiftness             Air            10%        N/A       71%         3
c - Static Discharge      Conj/Air       10%        N/A       47%         2
d - Sandblast             Erth           20%        2d7       34%         1
e - Stone Arrow           Conj/Erth      20%        3d8       71%         3

Your spell library contained the following spells:

 Spells                   Type           Power      Damage    Failure   Level


Dungeon Overview and Level Annotations

Branches:
Dungeon (1/15)

Altars:


Innate Abilities, Weirdness & Mutations

You are immune to sickness and miasma.
You are immune to poison.
Your flesh is very heat resistant. (rF++)
You are vulnerable to cold. (rC-)
You float through the air rather than walking.
You learn spells naturally, not from books.
Your magical power is your life essence.
You have superior vitality. (+4 MHP)


Message History

You are too injured to fight recklessly!
You are too injured to fight recklessly!
You are too injured to fight recklessly!
You are too injured to fight recklessly!
You are too injured to fight recklessly!
You are too injured to fight recklessly!
You are too injured to fight recklessly!
You hit the quokka.
The quokka is moderately wounded.
A ball python comes into view.
The quokka bites you.
You barely miss the quokka.
The quokka is moderately wounded.
The ball python hisses angrily.
The quokka bites you.
* * * LOW HITPOINT WARNING * * *
You miss the quokka.
The quokka is moderately wounded.
The quokka bites you.
* * * LOW HITPOINT WARNING * * *
The quokka bites you.
* * * LOW HITPOINT WARNING * * *
You miss the quokka.
The quokka is moderately wounded.
The quokka barely misses you.
Things that are here:
a jackal corpse; a jackal corpse You see here a jackal corpse.
The quokka completely misses you. The quokka attacks as you move away!
The quokka bites you but does no damage.
You see here a quokka corpse.
The quokka attacks as you move away! The quokka closely misses you.
The quokka twitches its whiskers.
The quokka bites you but does no damage.
The quokka attacks as you move away!
The quokka bites you but does no damage.
The quokka attacks as you move away! The quokka barely misses you.
The quokka bites you.
You die...

...
.....#########
......†.††.†.#
......######.#
.#### #S# #.#
######.#
#.rS...#
##.#@######
...#.# ..#.#
..#.# #.#.#
######## #.#.#
# #......#
#.#.#### #.
#.####.#
#......# #.
#.#<.#.#
#.######


You could see a quokka and a ball python.

Vanquished Creatures
  3 jackals (D:1)
  A quokka (D:1)
  A rat (D:1)
5 creatures vanquished.

Notes
Turn   | Place    | Note
-------+----------+-------------------------------------------
     0 | D:1      | MordorOrchid the Djinni Wanderer began the quest for the
                  | Orb.
     0 | D:1      | Reached XP level 1. HP: 15/15 MP: 0/0
   104 | D:1      | Reached XP level 2. HP: 12/22 MP: 0/0
   127 | D:1      | Slain by a quokka

Illustrated notes

Levels and vault maps discovered:
D:1:      zelgadis_glass_arrival_small, layout_basic,
          dreamdust_ecumenical_altar_drowned_temple

Action                   || total
-------------------------++-------
Melee: Spear             ||    16
 Cast: Shock             ||     4
Armor: Scale mail        ||     7
Dodge: Dodged            ||    14

Table legend: (Time is in decaauts)
 A = Elapsed time spent in this place.
 B = Non-inter-level travel time spent in this place.
 C = Inter-level travel time spent in this place.
 D = Time resting spent in this place.
 E = Time spent auto-exploring this place.
 F = Levels seen in this place.
 G = Mean time per level.
                   A        B        C        D        E       F      G
               +--------+--------+--------+--------+--------+-----+--------+
         Total |    128 |    128 |      0 |      4 |     75 |   1 |  128.0 |
       Dungeon |    128 |    128 |      0 |      4 |     75 |   1 |  128.0 |
               +--------+--------+--------+--------+--------+-----+--------+

Top non-repeatable levels by time:
     D:1: 128 daAuts
